General information
- name: Local Game (ATempT)
- type: Custom game
- host: ATempT
- saver: ATempT
map: SilverpineForest
- players: 6
- length: 23:03
- speed: Fast
- version: 1.23 W3XP
- replay type: Public
» download(225 KB)
Players
team 1 (winner)
ATempT (
red | 100 APM | 2317 actions | 23:03)
6 Blademaster
3 Wind Walk
2 Critical Strike
1 Bladestorm
4 Shadow Hunter
2 Hex
2 Healing Wave
» actions
| Assign group hotkey | 25 | |
| Basic commands | 3 | |
| Build / train | 56 | |
| Enter build submenu | 29 | |
| Enter hero's abilities submenu | 10 | |
| Give item / drop item | 4 | |
| Remove unit from queue | 1 | |
| Right click | 1221 | |
| Select / deselect | 340 | |
| Select group hotkey | 542 | |
| Use ability | 86 | |
2317 total
» units
| Peon | 10 | |
| Grunt | 6 | |
| Troll Headhunter/Berserker | 9 | |
| Shaman | 2 | |
27 total
» upgrades
| Berserker Strength | 1 | |
| Shaman Training | 2 | |
| Berserker Upgrade | 1 | |
4 total
» buildings
| Altar of Storms | 1 | |
| Orc Burrow | 14 | |
| Barracks | 3 | |
| Voodoo Lounge | 2 | |
| Stronghold | 1 | |
| War Mill | 2 | |
| Spirit Lodge | 2 | |
| Fortress | 1 | |
| Watch Tower | 2 | |
28 total
» build order
00:09 Altar of Storms
00:23 Orc Burrow
00:26 Orc Burrow
00:45 Barracks
01:40 Orc Burrow
01:44 Orc Burrow
02:59 Voodoo Lounge
03:01 Orc Burrow
04:21 Stronghold
04:25 Orc Burrow
04:29 War Mill
07:15 Orc Burrow
07:27 Orc Burrow
07:47 Spirit Lodge
07:56 Barracks
08:01 Fortress
09:42 Orc Burrow
09:47 Orc Burrow
09:51 Voodoo Lounge
10:52 Orc Burrow
10:55 Orc Burrow
14:10 War Mill
14:14 Spirit Lodge
16:52 Barracks
16:54 Orc Burrow
18:03 Watch Tower
18:11 Watch Tower
21:17 Orc Burrow
» items
| Boots of Speed | 1 | |
| Circlet of Nobility | 1 | |
| Dust of Appearance | 1 | |
| Healing Salve | 3 | |
| Potion of Healing | 2 | |
| Orb of Lightning | 1 | |
9 total
debinhalencar (
blue | 112 APM | 2584 actions | 23:00)
6 Archmage
3 Summon Water Elemental
2 Brilliance Aura
1 Mass Teleport
5 Mountain King
3 Storm Bolt
2 Bash
» actions
| Assign group hotkey | 37 | |
| Basic commands | 186 | |
| Build / train | 119 | |
| Enter build submenu | 37 | |
| Enter hero's abilities submenu | 11 | |
| Give item / drop item | 3 | |
| Right click | 1146 | |
| Select / deselect | 616 | |
| Select group hotkey | 293 | |
| Use ability | 136 | |
2584 total
» units
| Peasant | 16 | |
| Footman | 10 | |
| Rifleman | 12 | |
| Mortar Team | 3 | |
| Priest | 2 | |
| Sorceress | 1 | |
44 total
» upgrades
| Masonry | 3 | |
| Gunpowder | 3 | |
| Lumber Harvesting | 2 | |
| Long Rifles | 1 | |
| Priest Training | 2 | |
| Armor | 3 | |
| Fragmentation Shards | 1 | |
| Sorceress Training | 2 | |
| Animal War Training | 1 | |
| Defend | 1 | |
| Flare | 1 | |
| Barrage | 1 | |
| Flak Cannons | 1 | |
| Flying Machine Bombs | 1 | |
| Swords | 1 | |
| Control Magic | 1 | |
| Magic Sentry | 1 | |
| Backpack | 1 | |
27 total
» buildings
| Altar of Kings | 1 | |
| Barracks | 3 | |
| Farm | 11 | |
| Town Hall | 1 | |
| Lumber Mill | 1 | |
| Arcane Vault | 1 | |
| Scout Tower | 11 | |
| Guard Tower | 17 | |
| Keep | 1 | |
| Blacksmith | 1 | |
| Workshop | 2 | |
| Arcane Sanctum | 1 | |
| Castle | 1 | |
| Cannon Tower | 1 | |
| Gryphon Aviary | 1 | |
54 total
» build order
00:13 Altar of Kings
00:23 Barracks
00:24 Barracks
00:42 Farm
01:13 Farm
03:25 Farm
03:29 Town Hall
03:45 Lumber Mill
03:48 Arcane Vault
04:38 Scout Tower
05:12 Scout Tower
05:13 Guard Tower
05:40 Guard Tower
05:42 Scout Tower
06:15 Guard Tower
06:15 Scout Tower
06:17 Keep
06:26 Farm
06:39 Scout Tower
06:45 Guard Tower
06:45 Guard Tower
07:03 Farm
07:08 Guard Tower
07:10 Scout Tower
07:19 Blacksmith
07:39 Guard Tower
07:40 Scout Tower
07:45 Farm
08:02 Barracks
08:09 Guard Tower
08:10 Scout Tower
09:22 Workshop
09:32 Guard Tower
09:32 Guard Tower
09:36 Scout Tower
10:05 Guard Tower
10:08 Scout Tower
10:50 Arcane Sanctum
11:05 Farm
11:11 Guard Tower
11:14 Scout Tower
12:26 Farm
14:09 Farm
14:10 Farm
14:34 Castle
14:41 Workshop
15:21 Guard Tower
15:22 Guard Tower
15:23 Guard Tower
15:23 Guard Tower
15:23 Guard Tower
16:23 Farm
17:29 Cannon Tower
22:33 Gryphon Aviary
» items
| Scroll of Regeneration | 2 | |
| Potion of Healing | 1 | |
| Ivory Tower | 4 | |
| Scroll of Town Portal | 1 | |
8 total
_NIKOLLAS_ (
purple | 39 APM | 907 actions | 23:00)
3 Death Knight
2 Death Coil
1 Unholy Aura
2 Dreadlord
1 Sleep
1 Carrion Swarm
» actions
| Assign group hotkey | 20 | |
| Build / train | 65 | |
| Enter build submenu | 24 | |
| Enter hero's abilities submenu | 5 | |
| Remove unit from queue | 1 | |
| Right click | 288 | |
| Select / deselect | 299 | |
| Select group hotkey | 168 | |
| Use ability | 37 | |
907 total
» units
| Acolyte | 7 | |
| Ghoul | 8 | |
| Crypt Fiend | 13 | |
| Frost Wyrm | 12 | |
40 total
» upgrades
| Creature Attack | 3 | |
| Creature Carapace | 3 | |
| Web | 1 | |
| Freezing Breath | 1 | |
8 total
» buildings
| Altar of Darkness | 1 | |
| Ziggurat | 11 | |
| Crypt | 1 | |
| Graveyard | 1 | |
| Nerubian Tower | 1 | |
| Spirit Tower | 6 | |
| Halls of the Dead | 1 | |
| Tomb of Relics | 1 | |
| Black Citadel | 1 | |
| Sacrificial Pit | 1 | |
| Boneyard | 2 | |
27 total
» build order
00:07 Altar of Darkness
00:09 Ziggurat
00:32 Crypt
01:00 Graveyard
01:14 Nerubian Tower
01:26 Ziggurat
02:06 Ziggurat
02:58 Spirit Tower
03:29 Spirit Tower
04:28 Halls of the Dead
04:51 Tomb of Relics
06:14 Ziggurat
07:13 Black Citadel
07:22 Sacrificial Pit
09:42 Boneyard
09:51 Boneyard
10:52 Ziggurat
11:42 Ziggurat
12:19 Ziggurat
13:46 Ziggurat
13:48 Ziggurat
14:34 Spirit Tower
14:44 Spirit Tower
15:41 Ziggurat
16:45 Spirit Tower
18:15 Ziggurat
19:08 Spirit Tower
team 2 (loser)
nexacha (
teal | 99 APM | 1660 actions | 16:49)
5 Demon Hunter
2 Immolation
3 Evasion
» actions
| Assign group hotkey | 65 | |
| Basic commands | 355 | |
| Build / train | 43 | |
| Enter build submenu | 14 | |
| Enter hero's abilities submenu | 5 | |
| Give item / drop item | 1 | |
| Right click | 494 | |
| Select / deselect | 248 | |
| Select group hotkey | 398 | |
| Use ability | 37 | |
1660 total
» units
| Wisp | 13 | |
| Archer | 1 | |
| Huntress | 11 | |
| Dryad | 9 | |
34 total
» buildings
| Altar of Elders | 1 | |
| Moon Well | 6 | |
| Ancient of War | 2 | |
| Hunter's Hall | 1 | |
| Tree of Ages | 1 | |
| Tree of Eternity | 1 | |
| Ancient of Lore | 2 | |
14 total
» build order
00:04 Altar of Elders
00:07 Moon Well
00:52 Ancient of War
01:31 Moon Well
01:54 Ancient of War
02:40 Hunter's Hall
03:03 Moon Well
03:21 Tree of Ages
05:24 Moon Well
06:11 Tree of Eternity
06:14 Ancient of Lore
07:04 Ancient of Lore
07:17 Moon Well
09:59 Moon Well
» items
-DaGeR- (
green | 58 APM | 1330 actions | 23:00)
4 Demon Hunter
2 Mana Burn
2 Evasion
» actions
| Build / train | 61 | |
| Enter build submenu | 32 | |
| Enter hero's abilities submenu | 4 | |
| Remove unit from queue | 1 | |
| Right click | 704 | |
| Select / deselect | 476 | |
| Use ability | 52 | |
1330 total
» units
| Wisp | 12 | |
| Archer | 4 | |
| Huntress | 19 | |
| Hippogryph | 6 | |
| Dryad | 4 | |
45 total
» upgrades
| Strength of the Moon | 1 | |
| Hippogryph Taming | 1 | |
| Abolish Magic | 1 | |
| Upgrade Moon Glaive | 1 | |
4 total
» buildings
| Altar of Elders | 1 | |
| Moon Well | 7 | |
| Ancient of War | 2 | |
| Hunter's Hall | 1 | |
| Ancient Protector | 1 | |
| Tree of Ages | 1 | |
| Ancient of Wind | 1 | |
| Ancient of Lore | 1 | |
| Tree of Eternity | 1 | |
16 total
» build order
00:07 Altar of Elders
00:12 Moon Well
00:37 Ancient of War
03:17 Moon Well
04:14 Hunter's Hall
06:36 Ancient of War
06:52 Moon Well
08:00 Moon Well
08:22 Ancient Protector
10:10 Tree of Ages
11:27 Moon Well
13:48 Ancient of Wind
13:55 Ancient of Lore
14:05 Tree of Eternity
21:13 Moon Well
21:17 Moon Well
» items
| Scroll of Town Portal | 1 | |
| Circlet of Nobility | 1 | |
| Boots of Speed | 1 | |
3 total
armfox (
orange | 81 APM | 1589 actions | 19:42)
3 Far Seer
1 Feral Spirit
2 Chain Lighting
2 Shadow Hunter
1 Healing Wave
1 Hex
» actions
| Assign group hotkey | 30 | |
| Basic commands | 33 | |
| Build / train | 56 | |
| Enter build submenu | 17 | |
| Enter hero's abilities submenu | 5 | |
| Give item / drop item | 1 | |
| Remove unit from queue | 3 | |
| Right click | 927 | |
| Select / deselect | 287 | |
| Select group hotkey | 168 | |
| Use ability | 62 | |
1589 total
» units
| Peon | 11 | |
| Grunt | 4 | |
| Troll Batrider | 20 | |
35 total
» upgrades
| Armor | 1 | |
| Liquid Fire | 1 | |
| Ensnare | 0 | |
| Ranged Weapons | 1 | |
3 total
» buildings
| Altar of Storms | 1 | |
| Orc Burrow | 6 | |
| Barracks | 1 | |
| Voodoo Lounge | 1 | |
| Stronghold | 2 | |
| War Mill | 1 | |
| Beastiary | 2 | |
| Fortress | 1 | |
| Great Hall | 1 | |
| Watch Tower | 1 | |
17 total
» build order
00:05 Altar of Storms
00:08 Orc Burrow
00:54 Barracks
01:35 Orc Burrow
02:52 Voodoo Lounge
03:27 Stronghold
03:27 Stronghold
03:55 Orc Burrow
04:01 War Mill
06:17 Beastiary
06:23 Beastiary
06:54 Orc Burrow
07:17 Fortress
08:52 Orc Burrow
10:52 Orc Burrow
11:48 Great Hall
14:14 Watch Tower
» items
| Healing Salve | 1 | |
| Lesser Clarity Potion | 1 | |
| Scroll of Speed | 1 | |
3 total
Chat log
(04:10 / Allies) ATempT: maxu
(04:12 / Allies) debinhalencar: wood
(05:45 / Allies) ATempT: peraaaaa
(05:51 / Allies) ATempT: agr
(05:52 / Allies) ATempT: ja foi
(09:42 / Allies) debinhalencar: mouse
(09:43 / Allies) debinhalencar: ryuim
(09:44 / Allies) debinhalencar: viu
(10:17 / Allies) ATempT: gold
(10:18 / Allies) ATempT: gold
(11:52 / Allies) debinhalencar: wood
(12:06 / Allies) _NIKOLLAS_: wood
(12:59 / Allies) _NIKOLLAS_: debora
(13:01 / Allies) _NIKOLLAS_: !!!!
(14:06 / Allies) _NIKOLLAS_: wood
(14:16 / Allies) ATempT: wood eu
(14:17 / Allies) ATempT: porra
(14:18 / Allies) ATempT: kkkkkk
(14:31 / Allies) _NIKOLLAS_: heldp
(14:45 / Allies) debinhalencar: vemmm
(14:45 / Allies) debinhalencar: porra
(14:55 / Allies) ATempT: bufo
(15:52 / Allies) _NIKOLLAS_: fdp!
(16:24 / Allies) _NIKOLLAS_: gold
(16:36 / Allies) _NIKOLLAS_: gold
(16:39 / Allies) ATempT: .......
(16:41 / All) nexacha : aly noob
(16:42 / Allies) _NIKOLLAS_: vlw!
(16:47 / All) nexacha : gg
(16:48 / All) debinhalencar: :(
(17:14 / Allies) _NIKOLLAS_: aheaheuiahiueh
(17:20 / Allies) ATempT: -apm
(17:50 / Allies) debinhalencar: a
(17:51 / Allies) debinhalencar: deu
(17:52 / Allies) debinhalencar: o kara so vai ficar
(17:53 / Allies) debinhalencar: vissando
(17:54 / Allies) debinhalencar: de bat
(17:54 / Allies) _NIKOLLAS_: aeuaheiuhaiuhe
(17:56 / Allies) _NIKOLLAS_: vem
(18:00 / All) _NIKOLLAS_: VEM VIADIM!
(18:42 / Allies) _NIKOLLAS_: aff
(19:58 / Allies) _NIKOLLAS_: wood
(20:00 / Allies) _NIKOLLAS_: acabou
(20:02 / Allies) _NIKOLLAS_: aehaieh
(21:37 / Allies) debinhalencar: ah!
(21:38 / Allies) debinhalencar: se liga
(21:41 / Allies) ATempT: a n
(21:51 / Allies) debinhalencar: ah!